 Dungeon Crawl Stone Soup version 0.31-a0-986-g5e6e4ef867 (webtiles) character file.

Game seed: 17770796279189562692

351 timneilson the Ruffian (level 6, -2/41 HPs)
             Began as an Octopode Shapeshifter on Nov 12, 2023.
             Slain by an acid dragon (11 damage)
             ... on level 4 of the Dungeon.
             The game lasted 00:04:36 (3017 turns).

timneilson the Ruffian (Octopode Shapeshifter)      Turns: 3017, Time: 00:04:37

Health: -2/41      AC:  1    Str: 16    XL:     6   Next: 61%
Magic:  8/8        EV: 13    Int: 12    God:
Gold:   199        SH:  0    Dex: 11    Spells: 7/7 levels left

rFire   . .          .
                       - Unarmed
rCold   . . .        (no shield)
rNeg    . . .        (helmet currently unavailable)
rPois   +            (no amulet)
rElec   .            j - ring of willpower
rCorr   .            n - ring of poison resistance
SInv    .            (no ring)
Will    +....        (no ring)
Stlth   +++          (no ring)
HPRegen 0.26/turn    (no ring)
MPRegen 0.11/turn    (no ring)
                     (no ring)

%: no passive effects
@: beast-form
A: beast (slay +2), almost no armour, amphibious, 8 rings, camouflage 1,
gelatinous body 1, (nimble swimmer 1), tentacles
a: Begin Untransformation


You were on level 4 of the Dungeon.
You were a hulking beast.
You visited 1 branch of the dungeon, and saw 4 of its levels.

You collected 199 gold pieces.

Inventory:

Jewellery
 j - a ring of willpower (left tentacle)
 k - a ring of ice
 n - a ring of poison resistance (right tentacle)
 o - a ring of resist corrosion
Talismans
 b - a beast talisman
 c - a flux talisman
Wands
 d - a wand of polymorph (13)
Scrolls
 f - a scroll of brand weapon
 i - a scroll of fear
 p - a scroll of teleportation {unknown}
Potions
 a - a potion of lignification
 e - a potion of heal wounds
 g - 3 potions of haste {unknown}
 h - a potion of enlightenment {unknown}
 l - a potion of curing {unknown}
 m - 2 potions of might


   Skills:
 * Level 2.9 Fighting
 * Level 3.4 Dodging
 + Level 2.6 Stealth
 * Level 4.1 Unarmed Combat
 + Level 1.4 Spellcasting
 * Level 4.0 Shapeshifting


You had 7 spell levels left.
You didn't know any spells.
Your spell library contained the following spells:

 Spells                   Type           Power      Damage    Failure   Level
 Apportation              Tloc           0%         N/A       28%         1
 Necrotise                Necr           0%         1d4       28%         1
 Summon Small Mammal      Summ           0%         N/A       28%         1
 Ensorcelled Hibernation  Hex/Ice        0%         N/A       41%         2
 Jinxbite                 Hex            0%         N/A       41%         2
 Ozocubu's Armour         Ice            0%         N/A       65%         3
 Anguish                  Hex/Necr       0%         N/A       96%         4
 Alistair's Intoxication  Tmut/Pois      0%         N/A       100%        5
 Metabolic Englaciation   Hex/Ice        0%         N/A       100%        5
 Simulacrum               Ice/Necr       0%         N/A       100%        6


Dungeon Overview and Level Annotations

Branches:
Dungeon (4/15)
 Temple: D:4-7

Altars:
Qazlal
Wu Jian
Xom
Jiyva

Shops:
D:3 [(

Annotations:
D:1 2 runed translucent doors
D:2 1 runed translucent door, Crazy Yiuf


Innate Abilities, Weirdness & Mutations

You are a hulking beast.
Your limbs bulge with bestial killing power. (Slay +2)
You cannot wear most types of armour.
You are amphibious.
You can wear up to eight rings at the same time.
Your skin changes colour to match your surroundings (Stealth+).
Your rubbery body absorbs attacks. (AC +1, EV +1)
((You are camouflaged when in or above water. (Stealth+)))
You have tentacles for arms and can constrict up to eight enemies at once.


Message History

Sigmund is severely wounded.
You constrict Sigmund. Sigmund misses you.
You tentacle-slap Sigmund. You squeeze Sigmund.
You kill Sigmund!
Your Unarmed Combat skill increases to level 4!
Your Shapeshifting skill increases to level 4!
You have reached level 6!
Things that are here:
a +0 scythe; a +0 robe; the human corpse of Sigmund Magic restored.
p - a scroll labelled GAT GAATEPUUD
Things that are here:
a +0 scythe; a +0 robe; the human corpse of Sigmund You now have 187 gold pieces (gained 15).
You now have 199 gold pieces (gained 12).
An acid dragon comes into view.
The helpless acid dragon fails to defend itself.
You tentacle-slap the acid dragon.
The acid dragon is lightly wounded.
The acid dragon bites you. The acid dragon closely misses you.
You barely miss the acid dragon. You squeeze the acid dragon.
The acid dragon is moderately wounded.
The acid dragon bites you. The acid dragon claws you.
You tentacle-slap the acid dragon but do no damage.
Your squeeze misses the acid dragon.
The acid dragon is moderately wounded.
The acid dragon barely misses you. x2
You tentacle-slap the acid dragon. Your squeeze misses the acid dragon.
The acid dragon is heavily wounded.
The acid dragon closely misses you. The acid dragon barely misses you.
You tentacle-slap the acid dragon.
The acid dragon is heavily wounded.
The acid dragon spits acid at you. The splash of acid hits you!!
Ouch! That really hurt!
* * * LOW HITPOINT WARNING * * *
You tentacle-slap the acid dragon.
The acid dragon is heavily wounded.
The acid dragon bites you!
You die...

#..# #.######.##
#. #..# #.# #.#
#. #..# #.# #.#
#. #..# #.# #.#
#####. #..####.#
#.# #.....
#.......######.#
#.###.
#.#######......#
#.#... #.#
#.###### #.#.#.
#.# #h# #.....
####.## #D#
###.## #..>..#
#.# #.# #.##..#
#.# #.# #.#...#
#.# #.# #.#.#.#
#.## #.##
#.....# #...#
#... ###.###
###.# #### #.#
#.#


You could see an acid dragon (catching breath).

Vanquished Creatures
  Sigmund (D:4)
  A scorpion (D:4)
  Robin (D:2)
  4 adders
  A gnoll (D:1)
  A worm (D:2)
  A dart slug (D:1)
  6 ball pythons
  6 bats
  3 endoplasms
  5 giant cockroaches
  16 goblins
  6 hobgoblins
  4 jackals (D:4)
  A quokka (D:3)
  4 frilled lizards
  8 kobolds
  2 rats
71 creatures vanquished.

Notes
Turn   | Place    | Note
-------+----------+-------------------------------------------
     0 | D:1      | timneilson the Octopode Shapeshifter began the quest for
                  | the Orb.
     0 | D:1      | Reached XP level 1. HP: 13/13 MP: 1/1
    52 | D:1      | Found a large runed translucent door.
    52 | D:1      | Found a large runed translucent door.
    53 | D:1      | Noticed a jelly
    55 | D:1      | Noticed a jelly
    55 | D:1      | Noticed a jelly
    59 | D:1      | Found a viscous altar of Jiyva.
    59 | D:1      | Noticed a jelly
    59 | D:1      | Noticed a jelly
    60 | D:1      | Noticed a jelly
    60 | D:1      | Noticed a jelly
    60 | D:1      | Noticed a jelly
   164 | D:1      | Reached XP level 2. HP: 18/18 MP: 2/2
   393 | D:1      | Reached XP level 3. HP: 23/23 MP: 3/3
   889 | D:2      | Reached skill level 1 in Stealth
   977 | D:2      | Noticed Robin
   986 | D:2      | Killed Robin
   987 | D:2      | Reached XP level 4. HP: 10/29 MP: 4/4
  1502 | D:2      | Found a runed translucent door.
  1503 | D:2      | Noticed Crazy Yiuf
  1679 | D:2      | Found a faded altar of an unknown god.
  1813 | D:3      | Found Poettiem's Antique Weapon Shoppe.
  1875 | D:3      | Found a stormy altar of Qazlal.
  1875 | D:3      | Found a shimmering altar of Xom.
  1875 | D:3      | Found an ornate altar of the Wu Jian Council.
  2231 | D:3      | Reached XP level 5. HP: 34/34 MP: 6/6
  2311 | D:3      | Found Hyeh's Antique Armour Boutique.
  2473 | D:4      | Reached skill level 1 in Spellcasting
  2916 | D:4      | Noticed Sigmund
  2926 | D:4      | Killed Sigmund
  2927 | D:4      | Reached XP level 6. HP: 41/41 MP: 6/8
  3009 | D:4      | Noticed an acid dragon
  3017 | D:4      | Slain by an acid dragon

Illustrated notes

Levels and vault maps discovered:
D:1:      erik_arrival_cave_to_civilisation [erik_arrival_cave_to_temple],
          layout_basic
D:2:      layout_loops_ring, dilly_ecumenical_altar_fadedgnrine,
          uniq_crazy_yiuf_cottage, uniq_robin
D:3:      layout_loops_cross, grunt_temple_overflow_open, serial_shops,
          nicolae_shop_behind_doors, nicolae_shop_trees
D:4:      layout_loops_ring, uniq_sigmund

Skill      XL: |  1  2  3  4  5 |
---------------+----------------+-----
Stealth        | 1 2 |  2.6
Fighting       | 2 |  2.9
Spellcasting   | 1 |  1.4
Dodging        | 3 |  3.4
Unarmed Combat | 4 |  4.1
Shapeshifting  | 4 |  4.0

Action                     |  1- 3 |  4- 6 || total
---------------------------+-------+-------++-------
  Melee: Unarmed           |    53 |    87 ||   140
         Constrict         |    17 |    19 ||    36
         Tentacles         |    14 |    12 ||    26
         Punch             |     1 |     2 ||     3
    Use: Potion            |     2 |       ||     2
         Scroll            |       |     8 ||     8
   Stab: Sleeping          |     8 |     7 ||    15
 Armour: Skin              |    24 |    28 ||    52
  Dodge: Dodged            |    21 |    49 ||    70

Table legend: (Time is in decaauts)
 A = Elapsed time spent in this place.
 B = Non-inter-level travel time spent in this place.
 C = Inter-level travel time spent in this place.
 D = Time resting spent in this place.
 E = Time spent auto-exploring this place.
 F = Levels seen in this place.
 G = Mean time per level.
                   A        B        C        D        E       F      G
               +--------+--------+--------+--------+--------+-----+--------+
         Total |   3006 |   2944 |     62 |    130 |   2288 |   4 |  751.5 |
       Dungeon |   3006 |   2944 |     62 |    130 |   2288 |   4 |  751.5 |
               +--------+--------+--------+--------+--------+-----+--------+

Top non-repeatable levels by time:
     D:2: 893 daAuts
     D:1: 864 daAuts
     D:3: 672 daAuts
     D:4: 576 daAuts
